Map: Terrasses de Prion

Players

Vuvuzela

  • Race: Terran Terran
  • League: Gold

Worming - Winner!

  • Race: Zerg Zerg
  • League: Platinum

VOD

Have the link to the VOD?

Description

Time

  • Played on: Nov. 12, 2015, 11:50 a.m.
  • Length: 15:51
Show
View Real Time Build Order
Export as new Build Order

Vuvuzela Terran 

Build Orders: Liberator Opening, Reaper Expand 

Get SALT Encoding   

  12  0:01  SCV  
  13  0:13  SCV  
  14  0:18  Supply Depot  
  14  0:25  SCV  
  15  0:39  SCV  
  15  0:41  Barracks  
  16  0:45  Refinery  
  16  0:51  SCV  
  17  1:03  SCV  
  18  1:16  SCV  
  19  1:28  Orbital Command  
  19  1:29  Reaper  
  20  1:46  Command Center  
  20  1:54  Supply Depot  
  20  1:55  SCV  
  21  2:05  Factory  
  21  2:06  Marine  
  22  2:11  SCV  
  22  2:14  Refinery  
  23  2:23  SCV  
  23  2:29  Marine  
  25  2:35  SCV  
  25  2:46  Marine  
  25  2:47  SCV  
  27  2:53  Bunker  
  27  2:55  Starport  
  27  2:56  Factory Reactor  
  27  2:59  SCV  
  27  3:04  Orbital Command, Marine  
  29  3:11  SCV  
  30  3:22  Marine  
  30  3:23  SCV  
  30  3:25  Liberator  
  31  3:29  SCV  
  32  3:36  SCV  
  32  3:37  Liberator  
  32  3:38  Barracks  
  33  3:41  Factory Tech Lab  
  33  3:44  Marine  
  33  3:47  SCV  
  33  3:48  SCV  
  42  3:59  Refinery, SCV  
  42  4:00  SCV  
  42  4:02  Marine  
  45  4:18  SCV  
  46  4:27  Command Center  
  46  4:30  Barracks Tech Lab  
  46  4:36  Barracks Tech Lab  
  46  4:38  Engineering Bay  
  46  4:45  Supply Depot  
  46  4:50  Liberator  
  46  5:07  SCV x2, Marine  
  46  5:13  Marauder  
  54  5:25  Medivac  
  54  5:26  SCV  
  54  5:39  SCV, Siege Tank, Marauder, Marine  
  54  5:40  Liberator  
  61  5:45  SCV  
  61  5:47  Orbital Command  
  62  5:56  Marine  
  62  6:01  Marauder  
  68  6:06  Barracks  
  68  6:07  Stimpack  
  68  6:08  SCV  
  69  6:13  Refinery  
  69  6:14  Siege Tank  
  69  6:16  Supply Depot  
  69  6:17  Supply Depot  
  69  6:37  Marine  
  69  6:38  Marauder, SCV x3  
  71  6:52  Liberator x2  
  65  6:55  Marine  
  65  6:59  Marauder  
  68  7:10  SCV  
  68  7:11  Orbital Command, SCV  
  68  7:14  Marauder  
  78  7:20  Barracks, Marine  
  79  7:24  Barracks  
  79  7:25  Barracks  
  78  7:35  Marauder  
  80  7:38  Marine x2  
  80  7:40  SCV  
  80  7:41  SCV x2  
  85  7:56  Supply Depot x3  
  85  7:58  Supply Depot x2  
  85  8:00  Liberator x2  
  85  8:06  Marine  
  85  8:18  Marauder x2  
  85  8:19  Supply Depot  
  95  8:24  Marine  
  94  8:28  Orbital Command  
  94  8:31  Marine x2  
  94  8:32  Marine  
  87  8:38  Marine  
  87  8:39  Marine  
  86  8:42  Marine  
  86  8:43  Liberator  
  86  8:46  Siege Tank  
  86  8:47  SCV x2  
  87  8:49  Marine x3  
  91  8:55  SCV  
  91  8:57  Marauder, Marine  
  91  8:59  SCV x2  
  91  9:00  Marine  
  99  9:07  SCV, Marine  
  89  9:11  SCV x2  
  89  9:13  Marine x2  
  89  9:15  Marauder  
  95  9:18  Marauder, Siege Tank, Marine  
  100  9:25  Marine  
  100  9:31  Marine x2  
  97  9:36  Marauder  
  85  9:40  Marine, Marauder  
  85  9:42  Marine  
  76  9:49  Medivac x2, Marine x2  
  76  9:50  Concussive Shells  
  82  9:58  Marine, Marauder  
  85  10:00  Marine  
  85  10:01  Marauder  
  85  10:06  Marine  
  85  10:07  Marine  
  90  10:16  Marine  
  90  10:18  Medivac, Marine  
  90  10:19  Medivac, Marauder  
  98  10:22  Marauder  
  98  10:24  Marine x2  
  102  10:34  Marine  
  103  10:36  Marine  
  103  10:37  Siege Tank  
  103  10:38  SCV x2  
  103  10:40  Marauder  
  103  10:42  Marine x2  
  113  10:44  Marauder  
  113  10:48  Medivac  
  113  10:49  Medivac  
  119  10:52  Marine  
  119  10:54  Marine  
  121  11:00  Marine x2  
  121  11:02  Marauder  
  125  11:05  Marauder  
  125  11:09  Siege Tank, Marine  
  128  11:12  Marine  
  128  11:18  Medivac, Marine x2  
  130  11:20  Medivac  
  130  11:23  Marauder  
  127  11:26  Marauder  
  127  11:27  Marine  
  127  11:29  Marine, SCV x2  
  133  11:38  Terran Infantry Weapons Level 1  
  133  11:40  Orbital Command  
  133  11:58  Medivac x2, Marine x4  
  133  11:59  Marauder  
  133  12:03  Marauder  
  133  12:08  Siege Tank  
  123  12:16  Marine x4  
  123  12:20  SCV, Marauder  
  123  12:21  SCV  
  123  12:22  SCV  
  132  12:24  Combat Shields  
  132  12:33  SCV  
  132  12:36  Barracks Reactor  
  133  12:40  Barracks Reactor  
  133  12:42  Barracks Reactor  
  133  12:44  SCV x2  
  133  12:45  Marauder  
  133  12:46  Barracks Reactor  
  133  12:49  SCV  
  132  12:52  Marauder  
  122  13:00  Liberator x2  
  105  13:06  Marauder  
  107  13:14  Marauder  
  107  13:15  Marine x2  
  107  13:19  Marine x4  
  120  13:27  Marine x2  
  120  13:28  Marauder  
  120  13:33  Marine x2  
  126  13:35  Marauder  
  126  13:37  Marine x4  
  127  13:43  Liberator  
  127  13:44  Marine  
  127  13:45  Marine  
  125  13:49  Marauder  
  125  13:51  Marine x2  
  125  13:54  Marine  
  125  13:55  Marine x2  
  127  13:56  Marine  
  127  13:57  Marauder  
  133  14:17  Marauder  
  133  14:20  Marine x2  
  125  14:24  Marine  
  125  14:25  Marine x3  
  125  14:28  Marine  
  125  14:30  Marine x2  
  127  14:31  Medivac  
  127  14:32  SCV x3  
  132  14:44  SCV  
  133  14:55  Marine x2  
  133  14:56  Marine x2  
  133  14:58  SCV  
  132  15:00  Marauder  
  132  15:01  Medivac, Marauder  
  125  15:12  Marine x4  
  125  15:13  Marine x2  
  126  15:14  Marine  
  127  15:22  Marauder  
  127  15:23  Marauder  
  119  15:32  Marine  
Show
View Real Time Build Order
Export as new Build Order

Worming Zerg - Winner!

Build Orders: Hatch First, Lurkers 

Get SALT Encoding   

  12  0:01  Drone  
  13  0:16  Overlord  
  13  0:17  Drone  
  14  0:25  Drone, Extractor  
  15  0:36  Drone  
  15  0:40  Drone  
  17  0:55  Hatchery  
  17  0:56  Drone  
  17  1:01  Drone  
  18  1:15  Spawning Pool  
  18  1:16  Drone  
  18  1:23  Drone  
  19  1:31  Drone  
  20  1:55  Hatchery  
  19  2:02  Zergling x4  
  19  2:07  Queen  
  19  2:08  Queen  
  23  2:13  Overlord  
  25  2:16  Drone  
  25  2:20  Drone  
  27  2:35  Extractor  
  25  2:43  Drone x3  
  29  2:44  Drone x2  
  29  2:47  Overlord  
  31  3:01  Drone x2  
  31  3:05  Overlord  
  33  3:07  Drone  
  34  3:17  Drone x4, Extractor x2  
  34  3:19  Drone x4  
  38  3:29  Overlord  
  38  3:31  Overlord  
  38  3:35  Drone  
  38  3:36  Drone  
  40  3:42  Queen, Drone x3  
  40  3:44  Queen  
  47  3:49  Drone x3  
  47  3:50  Drone  
  47  3:51  Drone  
  52  3:57  Drone x3  
  52  4:01  Metabolic Boost  
  55  4:05  Roach Warren  
  55  4:07  Drone  
  55  4:08  Extractor  
  54  4:26  Drone x3  
  54  4:27  Drone x2  
  54  4:28  Drone x2  
  54  4:29  Drone  
  54  4:30  Extractor  
  54  4:31  Lair  
  61  4:38  Evolution Chamber  
  60  4:47  Overlord x2  
  60  4:48  Drone  
  60  4:49  Drone x2  
  63  4:53  Drone, Extractor  
  63  4:54  Drone, Overlord x3  
  63  4:58  Queen  
  66  5:03  Hatchery  
  65  5:13  Roach x3  
  65  5:14  Roach x2  
  70  5:16  Roach  
  69  5:22  Spore Crawler  
  68  5:34  Ravager x2  
  69  5:41  Drone  
  69  5:42  Drone x3  
  73  5:43  Drone x2  
  73  5:48  Spore Crawler  
  74  5:50  Overlord  
  74  5:51  Roach  
  74  5:52  Roach x5  
  82  6:05  Hydralisk Den  
  82  6:07  Drone x2  
  83  6:18  Drone  
  84  6:21  Queen x2  
  84  6:25  Drone x3  
  91  6:29  Zerg Missile Weapons Level 1  
  91  6:33  Drone x4  
  91  6:36  Roach x9  
  111  6:51  Muscular Augments  
  107  7:05  Drone x5  
  107  7:08  Extractor  
  111  7:16  Spore Crawler, Roach x5  
  111  7:18  Overlord x2  
  111  7:19  Overlord  
  120  7:24  Overlord x2  
  118  7:36  Hatchery  
  117  7:38  Overlord  
  117  7:41  Hydralisk x3  
  117  7:42  Roach x3, Hydralisk x3  
  117  7:43  Roach  
  137  8:00  Glial Reconstitution  
  137  8:03  Ravager x3  
  95  8:40  Hydralisk x2  
  95  8:41  Roach x4, Hydralisk x3  
  105  8:42  Zergling x14, Roach  
  105  8:43  Zergling x18  
  105  8:48  Zergling x2  
  132  8:55  Queen x2  
  132  8:57  Drone x10  
  146  9:03  Overseer x3  
  142  9:12  Burrow  
  142  9:15  Ravager x2  
  142  9:16  Ravager x2  
  144  9:31  Pneumatized Carapace  
  110  9:45  Hydralisk x2  
  110  9:46  Roach x3, Hydralisk x2  
  110  9:47  Zergling x18  
  110  9:48  Overlord x3  
  133  10:14  Infestation Pit  
  133  10:15  Extractor  
  133  10:16  Extractor  
  130  10:21  Hydralisk  
  130  10:22  Hydralisk x4  
  130  10:23  Zergling x6, Roach x3  
  149  10:28  Lurker Den  
  149  10:30  Zerg Missile Weapons Level 2  
  149  10:35  Overlord  
  149  10:36  Spore Crawler  
  149  10:37  Overlord  
  149  10:38  Overlord  
  128  11:27  Drone x3  
  131  11:35  Drone x5  
  131  11:36  Drone  
  131  11:38  Hydralisk x2  
  131  11:39  Roach x3, Hydralisk x2  
  153  11:40  Hatchery, Zergling x6, Roach  
  153  11:41  Overlord  
  153  11:42  Zergling x2  
  153  11:44  Zergling x2  
  156  11:52  Drone  
  156  11:54  Drone  
  139  12:18  Lurker  
  139  12:19  Lurker x5  
  139  12:20  Lurker, Zergling x2  
  139  12:21  Zergling x32  
  163  12:27  Extractor  
  163  12:29  Hive, Pathogen Glands  
  162  12:31  Zergling x16  
  162  12:32  Extractor  
  168  12:46  Zerg Ground Armor Level 1  
  167  12:54  Queen  
  113  13:56  Hydralisk x3  
  113  13:57  Roach x5, Hydralisk x3  
  113  13:58  Zergling x16, Roach  
  113  13:59  Zergling x2  
  113  14:00  Drone x3  
  113  14:01  Drone x3  
  152  14:04  Spine Crawler  
  152  14:05  Spine Crawler  
  150  14:10  Roach  
  150  14:11  Roach x4  
  141  14:27  Roach, Hydralisk x4  
  141  14:28  Roach x3  
  141  14:30  Lurker  
  141  14:31  Lurker x2  
  141  14:35  Roach, Hydralisk  
  141  14:36  Zergling x2, Roach x3  
  153  14:38  Lurker x3  
  153  14:39  Lurker, Roach x2  
  153  14:41  Queen  
  158  14:50  Spine Crawler  
  157  14:53  Spore Crawler  
Tags
 
Add a new tag
Caveats
  • Supply blocks, unpowered buildings, or Contaminate may cause inaccurate times.
  • Supply counts are checked every 10 seconds.